Zazza, lawful female dwarven Archeologist ---------- |........| |........| |........| |.........# |........|# #----------### h ####e@o########### --.--- ### ### ----- |....| # ###|(..| |....+#`## ##.).<| |....| # |...| |.....## ----- ------ Zazza the Field Worker Experience level: 3 Strength: 17 Dexterity: 8 Constitution: 10 Intelligence: 16 Wisdom: 16 Charisma: 10 Health: 0(26) Energy: 3(3) Def: 12 Gold: 105 Moves: 3525 Dungeon seed: Z4scs99afT9vvHBr Game ID: Zazza_1622016090 Your Inventory: Coins $ - 105 gold pieces Weapons t - a cursed +0 dagger (weapon in hand) Armor n - a blessed +2 dwarvish cloak (being worn) y - an uncursed +0 helm of brilliance (being worn) Comestibles b - an uncursed food ration Wands v - a wand of probing (0:7) Tools f - an uncursed sack g - an uncursed oil lamp (0:1202) w - an uncursed magic whistle Gems e - 2 uncursed obsidian stones q - an uncursed touchstone r - an uncursed jacinth stone Contents of the sack: 1521 gold pieces a cursed amulet of strangulation a +0 dart a cursed -1 helm of brilliance an uncursed apple 6 uncursed food rations an uncursed lembas wafer 2 uncursed scrolls of charging an uncursed scroll of enchant armor an uncursed scroll of identify an uncursed scroll of light an uncursed scroll of remove curse an uncursed scroll of scare monster a blessed scroll of teleportation an uncursed scroll of teleportation an uncursed spellbook of clairvoyance an uncursed spellbook of create familiar 2 cursed potions of booze a cursed potion of extra healing a cursed potion of gain energy an uncursed potion of healing a potion of holy water 2 uncursed potions of object detection an uncursed potion of restore ability a potion of unholy water a cursed ring of hunger an uncursed ring of regeneration an uncursed ring of teleport control a +0 pick-axe a tinning kit (0:54) Spells and supernatural/magical abilities: Name Level Category Fail Memory W - pray for help -- divine ? -- Your skills at the end: Fighting Skills Weapon Skills pick-axe [Basic] whip [Basic] Spellcasting Skills Final Attributes: You were piously aligned. You had infravision. You were stealthy. You were protected. You were fast. You were lucky. You are dead. Vanquished creatures: a small mimic a shrieker 2 homunculi a kobold lord 5 orc zombies a dwarf zombie an iguana 3 acid blobs 2 large kobolds 3 hobgoblins 4 cave spiders a brown mold 2 yellow molds a green mold a gnome 9 garter snakes a gnome zombie 4 geckos 3 jackals a fox a kobold a goblin 5 sewer rats a grid bug 2 bats a lichen 2 newts 60 creatures vanquished. Voluntary challenges: You used a wielded weapon 7 times, starting on turn 613. You read items or engraved 12 times, starting on turn 534. You never genocided any monsters. You never polymorphed an object. You never changed form. You used no wishes. You never split a pudding. You wrote Elbereth's name 6 times, starting on turn 534. You never violated your personal moral code. Dungeon overview: The Dungeons of Doom: levels 1 to 6 Level 1 (g) a fountain a long staircase Level 2 a fountain stairs to The Gnomish Mines Level 3 a sink Level 4 a sink Level 5 many fountains Level 6 <- You were here stairs to Sokoban The Gnomish Mines: levels 3 to 5 Level 3 stairs to The Dungeons of Doom Level 4 Level 5 many shops, a temple to Quetzalcoatl, some fountains Sokoban: Level 5 stairs to The Dungeons of Doom History has recorded: On T:1 you entered the Dungeons of Doom to retrieve the Amulet of Yendor! On T:194 you reached level 2 of The Dungeons of Doom. On T:226 you reached level 3 of The Dungeons of Doom. On T:452 you reached level 1 of The Gnomish Mines. On T:528 you reached level 3 of The Gnomish Mines. On T:1323 you reached level 2 of The Gnomish Mines. On T:2980 you reached level 4 of The Dungeons of Doom. On T:3138 you reached level 5 of The Dungeons of Doom. On T:3253 you received advice from The Oracle. On T:3253 you advanced to experience level 2. On T:3254 you advanced to experience level 3. On T:3337 you reached level 6 of The Dungeons of Doom. On T:3420 you reached level 4 of Sokoban. Score breakdown: Gold: 1626 (10924 points) Experience: 3 levels ( 7878 points) Exploration: 6 levels ( 12.50%) ( 9784 points) Discoveries: 17 items ( 5.84%) ( 7251 points) Valuables value: (no points given unless you survive) Artifact value: 0 ( 0 points) Variety of kills: 27 monsters ( 7.09%) ( 7986 points) Turncount: 3525 turns ( -838 points) Survival: died (score multiplied by 80%) Total score: 34388 Latest messages: This homunculus corpse tastes terrible! You finish eating the homunculus corpse. You fall down the stairs. The hobgoblin throws a crude dagger! You are almost hit by a crude dagger. The hobgoblin misses. The hobgoblin hits! The hobgoblin misses. The floating eye glares at you. You manage to look away just in time; but that disturbs your aim, and you miss. The hobgoblin misses. The hobgoblin hits! (2x) The hobgoblin misses. The hobgoblin hits! (2x) The hobgoblin misses. (10x) The hobgoblin hits! (4x) You die... Final status: Goodbye Zazza the Archeologist, killed by a hobgoblin... You died in The Dungeons of Doom on dungeon level 6 with 34388 points, and 1626 pieces of gold, after 3525 moves. You were level 3 with a maximum of 26 hit points when you died.